 Dungeon Crawl Stone Soup version 0.17-a0-737-gf0a300a (webtiles) character file.

130 Ngotmuk the Shield-Bearer (level 4, -5/42 HPs)
             Began as a Deep Dwarf Fighter on Apr 28, 2015.
             Killed from afar by Natasha (9 damage)
             ... with a wand of magic darts
             ... on level 3 of the Dungeon.
             The game lasted 00:05:11 (1517 turns).

Ngotmuk the Shield-Bearer (Deep Dwarf Fighter)      Turns: 1517, Time: 00:05:11

Health: -5/42      AC: 10    Str: 20    XL:     4   Next: 89%
Magic:  4/4        EV:  8    Int:  9    God:
Gold:   120        SH:  9    Dex: 12    Spells: 0 memorised, 3 levels left

rFire  . . .     SeeInvis .     a - +0 war axe
rCold  . . .     Clarity  .     t - +1 scale mail {rPois}
rNeg   . . .     SustAb   .     c - +0 shield
rPois  +         Gourm    .     (no helmet)
rElec  .         Spirit   .     (no cloak)
rCorr  .         Warding  .     (no gloves)
rMut   .         Stasis   .     p - +1 pair of boots
MR     .....                    (no amulet)
Stlth  ..........               (no ring)
                                m - ring of invisibility

@: non-regenerating, slowed, very slow, not resistant to hostile enchantments,
extremely unstealthy
A: damage resistance, recharge devices, sense surroundings 1, slow healing 3
a: Device Recharging, Evoke Invisibility


You were on level 3 of the Dungeon.
You were not hungry.

You visited 1 branch of the dungeon, and saw 3 of its levels.

You collected 120 gold pieces.

Inventory:

Hand weapons
 a - a +0 war axe (weapon)
Armour
 c - a +0 shield (worn)
 p - a +1 pair of boots (worn)
 t - a +1 scale mail of poison resistance (worn)
Jewellery
 b - an uncursed ring of ice
 m - a ring of invisibility (left hand)
Magical devices
 e - a wand of heal wounds (5)
 u - a wand of heal wounds (0)
Scrolls
 g - 7 scrolls of identify {unknown}
 j - 2 scrolls of teleportation {unknown}
 k - a scroll of magic mapping {unknown}
 o - 2 scrolls of enchant weapon {unknown}
 r - a scroll of recharging {unknown}
 s - a scroll of remove curse {unknown}
 v - a scroll of noise {unknown}
Potions
 d - 2 potions of might
 h - a potion of degeneration {unknown}
 i - a potion of cure mutation {unknown}
 q - 2 potions of curing {unknown}
Comestibles
 f - 3 bread rations
 l - 8 fruits


   Skills:
 + Level 3.2 Fighting
 + Level 2.9 Axes
 + Level 4.0 Armour
 + Level 1.9 Dodging
 + Level 4.3 Shields


You had 3 spell levels left.
You didn't know any spells.

Dungeon Overview and Level Annotations

Branches:
Dungeon (3/15)

Altars:
Kikubaaqudgha
Makhleb
Yredelemnul

Annotations:
D:3 Natasha


Innate Abilities, Weirdness & Mutations

You are resistant to damage.
You can recharge devices by infusing magical energy.
You passively map a small area around you.
You do not heal naturally.


Message History

The magic dart hits you!
* * * LOW HITPOINT WARNING * * *
Natasha barely misses you.
You closely miss Natasha.
Natasha stares at you and mumbles some strange words.
The magic dart hits you!
* * * LOW HITPOINT WARNING * * *
Natasha claws you but does no damage.
You hit Natasha.
Natasha is lightly wounded.
Natasha mumbles some strange words.
Natasha zaps a wand.
The magic dart hits you!
* * * LOW HITPOINT WARNING * * *
You hit Natasha.
Natasha is moderately wounded.
You closely miss the crimson imp.
Natasha zaps a wand.
The magic dart hits you! The crimson imp barely misses you.
Natasha mewls in sadness.
Natasha zaps a wand.
The magic dart hits you!
You die...

#.# , , ##### #.#
* #.... #.# #.###
#.# #.# #
#.#############.#
#
#.##..........#.#
#.##.########.#.#
#h##.# #.#.#
#5@..# ###.#.###
###### #........
#.#.#.### #######
# ########
#.._.^## ##..^###
#.^..^## ##...##


You could see Natasha and a crimson imp.

Vanquished Creatures
  Ijyb (D:2)
  4 adders
  A worm (D:3)
  2 giant geckos
  8 giant cockroaches
  7 goblins
  8 hobgoblins
  5 kobolds
  3 ball pythons (D:2)
  4 bats
  2 giant newts
  7 jackals (D:1)
  7 rats
  A spectral orc (D:3)
60 creatures vanquished.

Notes
Turn   | Place    | Note
--------------------------------------------------------------
     0 | D:1      | Ngotmuk, the Deep Dwarf Fighter, began the quest for the Orb.
     0 | D:1      | Reached XP level 1. HP: 20/20 MP: 1/1
   119 | D:1      | Reached XP level 2. HP: 25/27 MP: 2/2
   155 | D:1      | Reached skill level 1 in Dodging
   584 | D:2      | Reached XP level 3. HP: 28/33 MP: 3/3
   761 | D:2      | Noticed Ijyb
   809 | D:2      | Killed Ijyb
   815 | D:2      | Reached XP level 4. HP: 30/42 MP: 4/4
   918 | D:2      | Reached skill level 4 in Shields
   980 | D:3      | Found a burning altar of Makhleb.
  1207 | D:3      | Found an ancient bone altar of Kikubaaqudgha.
  1443 | D:3      | Found a basalt altar of Yredelemnul.
  1504 | D:3      | Noticed Natasha
  1517 | D:3      | Killed from afar by Natasha

Action                   |  1- 3 |  4- 6 || total
-------------------------+-------+-------++-------
Melee: War axe           |   120 |    98 ||   218
  Eat: Royal jelly       |       |     1 ||     1
       Pizza             |       |     1 ||     1
